 Dungeon Crawl Stone Soup version 0.16.2-2-g470672f (webtiles) character file.

132 CrazyArbalest the Bolt Thrower (level 4, -5/37 HPs)
             Began as a Centaur Hunter on Aug 21, 2015.
             Killed from afar by an orc wizard (11 damage)
             ... with a puff of frost
             ... on level 3 of the Dungeon.
             The game lasted 00:10:46 (2931 turns).

CrazyArbalest the Bolt Thrower (Centaur Hunter)     Turns: 2931, Time: 00:10:47

Health: -5/37      AC:  4    Str: 15    XL:     4   Next: 92%
Magic:  3/3        EV:  9    Int: 10    God:
Gold:   108        SH:  0    Dex: 10    Spells: 0 memorised, 3 levels left

rFire  . . .     SeeInvis .     a - +0 mace
rCold  . . .     Clarity  .     d - +0 leather armour
rNeg   . . .     SustAb   .     (no shield)
rPois  .         Gourm    .     (no helmet)
rElec  .         Spirit   .     (no cloak)
rCorr  .         Warding  .     (no gloves)
rMut   .         Stasis   .     (no barding)
MR     .....                    (no amulet)
Stlth  +.........               (no ring)
                                (no ring)

@: very quick, not resistant to hostile enchantments, very unstealthy
A: hooves 3, deformed body, speed 2, tough skin 3
a: no special abilities


You were on level 3 of the Dungeon.
You were not hungry.

You visited 1 branch of the dungeon, and saw 3 of its levels.

You collected 108 gold pieces.

Inventory:

Hand weapons
 a - a +0 mace (weapon)
 b - a +1 hand crossbow
 e - a +2 short sword of freezing
 p - a +0 hand axe
 q - a +0 halberd
 r - a +0 short sword
 t - a +0 whip
 w - a +0 flail
Missiles
 c - 17 bolts
Armour
 d - a +0 leather armour (worn)
Jewellery
 l - an uncursed ring of positive energy {unknown}
Magical devices
 x - a wand of draining (0)
Scrolls
 i - 3 scrolls of identify {unknown}
 j - a scroll of blinking {unknown}
 m - a scroll of remove curse {unknown}
 n - a scroll of fear {unknown}
 o - a scroll of noise {unknown}
 u - a scroll of random uselessness {unknown}
Potions
 k - a potion of degeneration {unknown}
 s - 2 potions of curing
 v - a potion of agility {unknown}
 z - a potion of haste {unknown}
Comestibles
 f - 4 bread rations
 g - 2 chunks of flesh
 h - 4 meat rations


   Skills:
 + Level 2.4 Fighting
 - Level 0.1 Short Blades
 + Level 0.1 Maces & Flails
 * Level 5.7 Crossbows
 + Level 0.9 Armour
 + Level 2.3 Dodging
 + Level 0.5 Stealth


You had 3 spell levels left.
You didn't know any spells.

Dungeon Overview and Level Annotations

Branches:
Dungeon (3/15)

Altars:
Fedhas
Trog
Vehumet
The Shining One


Innate Abilities, Weirdness & Mutations

You have hooves in place of feet.
Armour fits poorly on your strangely shaped body.
You cover ground very quickly.
You have extremely tough skin (AC +3).


Message History

Drink which item? (? for menu, Esc to quit)
It was a potion of curing.
You feel better. The orc wizard hits you with a dagger.
* * * LOW HITPOINT WARNING * * *
You hit the orc wizard.
The orc wizard is heavily wounded.
The orc wizard hits you with a dagger.
* * * LOW HITPOINT WARNING * * *
You barely miss the orc wizard.
The orc wizard is heavily wounded.
The orc wizard hits you but does no damage.
You hit the orc wizard.
The orc wizard is almost dead.
The orc wizard mumbles some strange words.
The orc wizard flickers and vanishes!
Deactivating autopickup; reactivate with Ctrl-A.
Something hits you but does no damage.
You hear some strange, mumbled words.
The puff of frost hits you!
You die...

.#####.####..####.........#
.# #.####..# ########### .#
#.......# ## #######.# #.#
#.# #.# ###.######
##########......@.#
.....)))...#.####.#
############## #.# #.######
#......#### #.##......#
#.##.#.##.# +.##.#.##.#
####.#.##.#


There were no monsters in sight!

Vanquished Creatures
  4 gnolls (D:3)
  3 adders
  2 worms
  2 giant geckos
  3 orcs (D:3)
  2 ball pythons
  7 giant cockroaches
  3 goblins (D:2)
  5 hobgoblins
  7 kobolds
  6 bats
  4 giant newts
  A quokka (D:2)
  7 rats (D:2)
56 creatures vanquished.

Notes
Turn   | Place    | Note
--------------------------------------------------------------
     0 | D:1      | CrazyArbalest, the Centaur Hunter, began the quest for the Orb.
     0 | D:1      | Reached XP level 1. HP: 17/17 MP: 1/1
   255 | D:1      | Reached XP level 2. HP: 16/24 MP: 2/2
   823 | D:2      | Reached skill level 5 in Crossbows
  1039 | D:2      | Noticed a moth of wrath
  1045 | D:2      | Found a bloodstained altar of Trog.
  1069 | D:2      | Reached XP level 3. HP: 29/29 MP: 3/3
  1429 | D:2      | Found a radiant altar of Vehumet.
  1510 | D:2      | Found a glowing golden altar of the Shining One.
  1906 | D:3      | Reached XP level 4. HP: 35/37 MP: 3/3
  1977 | D:3      | Found a blossoming altar of Fedhas.
  2269 | D:3      | HP: 1/37 [orc priest/nerve-wracking pain (7)]
  2931 | D:3      | Killed from afar by an orc wizard

Action                   |  1- 3 |  4- 6 || total
-------------------------+-------+-------++-------
Melee: Short sword       |    85 |       ||    85
       Whip              |    36 |       ||    36
       Mace              |    10 |    78 ||    88
 Fire: Hand crossbow     |    14 |     9 ||    23
Evoke: Wand              |       |     1 ||     1
  Use: Potion            |       |     1 ||     1
  Eat: Chunk             |     2 |     3 ||     5
